 Dungeon Crawl Stone Soup version 0.17-a0-2220-g6fea741 (webtiles) character file.

270 Toxicmutt the Shield-Bearer (level 6, -2/53 HPs)
             Began as a Minotaur Fighter on Oct 28, 2015.
             Was an Initiate of Nemelex Xobeh.
             Killed by divine providence
             ... invoked by an orc priest
              (13 damage)
             ... on level 4 of the Dungeon.
             The game lasted 00:12:12 (2678 turns).

Toxicmutt the Shield-Bearer (Minotaur Fighter)      Turns: 2678, Time: 00:12:13

Health: -2/53      AC:  8    Str: 21    XL:     6   Next: 1%
Magic:  5/5        EV:  8    Int:  5    God:    Nemelex Xobeh [......]
Gold:   199        SH: 10    Dex: 11    Spells: 0 memorised, 5 levels left

rFire  . . .     SeeInvis .     q - +2 falchion (slice)
rCold  . . .     Clarity  .     b - +0 scale mail
rNeg   . . .     SustAt   .     c - +0 shield
rPois  .         Gourm    +     (helmet restricted)
rElec  .         Spirit   .     l - +0 cloak
rCorr  .         Warding  .     (no gloves)
rMut   .         Rnd*Tele +     (no boots)
MR     .....                    g - amulet of the gourmand
Stlth  ..........               t - ring of teleportation (curse)
                                r - ring of flight

@: lethally poisoned (-2 -> -3), not resistant to hostile enchantments,
extremely unstealthy
A: retaliatory headbutt, horns 2
a: Renounce Religion, Evoke Flight, Evoke Teleportation


You were on level 4 of the Dungeon.
You worshipped Nemelex Xobeh.
Nemelex Xobeh was noncommittal.
You were not hungry.

You visited 1 branch of the dungeon, and saw 4 of its levels.

You collected 199 gold pieces.

Inventory:

Hand Weapons
 a - a +0 war axe
 q - a +2 falchion of slicing (weapon)
Armour
 b - a +0 scale mail (worn)
 c - a +0 shield (worn)
 l - a +0 cloak (worn)
Jewellery
 g - an amulet of the gourmand (around neck)
 r - a ring of flight (left hand)
 t - a cursed ring of teleportation (right hand)
Scrolls
 h - 2 scrolls of recharging
 p - a scroll of noise
Potions
 d - a potion of might
 f - a potion of agility {unknown}
 i - a potion of flight {unknown}
 k - 2 potions of brilliance {unknown}
 m - a potion of cure mutation {unknown}
Miscellaneous
 o - an ornate deck of destruction
Comestibles
 e - a bread ration
 j - a royal jelly
 n - a meat ration


   Skills:
 + Level 4.4 Fighting
 + Level 1.6 Long Blades
 + Level 3.1 Axes
 + Level 5.1 Armour
 + Level 2.4 Dodging
 + Level 5.3 Shields


You had 5 spell levels left.
You didn't know any spells.

Dungeon Overview and Level Annotations

Branches:
Dungeon (4/15)
 Temple: D:4-7

Altars:
Fedhas
Makhleb
Nemelex Xobeh
Okawaru
Qazlal


Innate Abilities, Weirdness & Mutations

You reflexively headbutt those who attack you in melee.
You have a pair of horns on your head.


Message History

The orc priest mumbles some strange prayers to Beogh against you.
Something smites you!
You barely miss the orc priest.
You headbutt the orc priest, but do no damage.
The orc priest is almost dead.
You feel sick. You block the adder's attack. You block the orc priest's attack.
You block the adder's attack. The adder bites you but does no damage.
The orc priest calls down the wrath of Beogh upon you.
Something smites you!
* * * LOW HITPOINT WARNING * * *
Items here: ))) [ a flail; a mace; a dagger; a robe You hit the adder.
The adder is severely wounded.
The adder bites you but does no damage.
The orc priest mumbles some strange prayers to Beogh against you.
Something smites you!
You die...
Your body disappears without a glow.

#...#.# ...#.####
....... #.....#
#.....# #.....###.#
#.........# #####
#.S@## #...#
##o..########...####
+...'......'...'...
#...########...####
##### ##### #####
#.... #.... #....


You could see an orc priest and an adder.

Vanquished Creatures
  An orc wizard (D:4)
  2 worker ants (D:4)
  A hound skeleton (D:4)
  4 gnolls (D:3)
  6 adders
  3 oozes
  3 worms
  A giant gecko (D:1)
  9 orcs
  3 giant cockroaches
  6 goblins
  7 hobgoblins
  3 jackals (D:3)
  7 kobolds
  2 quokkas (D:3)
  A ball python (D:1)
  5 bats
  A giant newt (D:1)
  5 rats
  A plant (D:2)
71 creatures vanquished.

Notes
Turn   | Place    | Note
--------------------------------------------------------------
     0 | D:1      | Toxicmutt the Minotaur Fighter began the quest for the Orb.
     0 | D:1      | Reached XP level 1. HP: 19/19 MP: 0/0
   106 | D:1      | Reached skill level 4 in Shields
   277 | D:1      | Reached XP level 2. HP: 24/27 MP: 1/1
   923 | D:2      | Reached XP level 3. HP: 23/33 MP: 2/2
  1362 | D:2      | Found a blossoming altar of Fedhas.
  1364 | D:2      | Found a stormy altar of Qazlal.
  1552 | D:3      | Reached skill level 1 in Dodging
  1552 | D:3      | Reached XP level 4. HP: 30/40 MP: 3/3
  1739 | D:2      | Found an iron altar of Okawaru.
  1739 | D:2      | Found a sparkling altar of Nemelex Xobeh.
  1762 | D:2      | Became a worshipper of Nemelex Xobeh the Trickster
  1782 | D:3      | Received a gift from Nemelex Xobeh
  2037 | D:3      | Reached skill level 5 in Shields
  2213 | D:3      | Reached XP level 5. HP: 24/46 MP: 4/4
  2493 | D:4      | Found a burning altar of Makhleb.
  2565 | D:4      | Reached skill level 1 in Long Blades
  2589 | D:4      | Reached skill level 5 in Armour
  2672 | D:4      | Reached XP level 6. HP: 36/53 MP: 5/5
  2678 | D:4      | Killed from afar by an orc priest

Vault maps used:
D:1:      lemuel_arrival_tunnels, minmay_misc_feat_plants, minmay_statues_item
D:2:      nicolae_overflow_hidden_temple, serial_bayou_pond_e
D:4:      lemuel_crystal_altar, serial_shops, shop

Action                   |  1- 3 |  4- 6 || total
-------------------------+-------+-------++-------
Melee: War axe           |    91 |    14 ||   105
       Falchion          |       |    93 ||    93
  Use: Scroll            |       |     5 ||     5
       Potion            |       |     1 ||     1
  Eat: Chunk             |     4 |     4 ||     8
